 Dungeon Crawl Stone Soup version 0.29.1-14-g9c671dbff4 (webtiles) character file.

Game seed: 18405141288292133655

39 adizb the Shield-Bearer (level 3, -1/23 HPs)
             Began as a Tengu Fighter on Feb 17, 2023.
             Slain by a gnoll
             ... wielding a +0 halberd
              (2 damage)
             ... on level 2 of the Dungeon.
             The game lasted 00:05:08 (1069 turns).

adizb the Shield-Bearer (Tengu Fighter)             Turns: 1069, Time: 00:05:09

Health: -1/23      AC:  6    Str: 16    XL:     3   Next: 45%
Magic:  4/4        EV: 12    Int:  8    God:
Gold:   44         SH:  5    Dex: 15    Spells: 2/2 levels left

rFire   . . .      SeeInvis .   a - +0 long sword
rCold   . . .      Faith    .   c - +0 buckler
rNeg    . . .      Spirit   .   b - +0 scale mail
rPois   .          Reflect  .   (helmet restricted)
rElec   .          Harm     .   (no cloak)
rCorr   .          Rampage  .   (no gloves)
Will    .....                   (boots unavailable)
Stlth   ..........              (no amulet)
HPRegen 0.07/turn               k - +4 ring of evasion
MPRegen 0.09/turn               (no ring)

@: no status effects
A: beak, talons 3
a: no special abilities


You were on level 2 of the Dungeon.
You visited 1 branch of the dungeon, and saw 2 of its levels.

You collected 80 gold pieces.
You spent 36 gold pieces at shops.

Inventory:

Hand Weapons
 a - a +0 long sword (weapon)
Armour
 b - a +0 scale mail (worn)
 c - a +0 buckler (worn)
Jewellery
 k - a +4 ring of evasion (left hand)
Scrolls
 e - a scroll of teleportation
Potions
 d - 2 potions of might
 f - a potion of mutation {unknown}
 g - 2 potions of haste {unknown}
 h - a potion of lignification {unknown}
 i - a potion of berserk rage {unknown}
 j - a potion of curing {unknown}
 l - a potion of invisibility {unknown}


   Skills:
 + Level 3.3 Fighting
 * Level 3.3 Long Blades
 - Level 3.2 Armour
 + Level 3.3 Shields


You had 2 spell levels left.
You didn't know any spells.
Your spell library contained the following spells:

 Spells                   Type           Power      Damage    Failure   Level
 Passwall                 Tmut/Erth      0%         N/A       97%         2
 Airstrike                Air            0%         2d(0-16)  100%        4
 Maxwell's Capacitive Co  Air            0%         ∞         100%        8


Dungeon Overview and Level Annotations

Branches:
Dungeon (2/15)

Altars:

Shops:
D:1 *


Innate Abilities, Weirdness & Mutations

You have a beak for a mouth.
You have claws for feet.


Message History

Found a pearl ring.
Found 11 gold pieces and a leather armour.
A ball python comes into view.
The ball python hisses angrily.
A hobgoblin comes into view.
The hobgoblin shouts!
You hit the ball python but do no damage.
You claw the ball python.
You kill the ball python!
The hobgoblin barely misses you.
You hit the hobgoblin. Your kick misses the hobgoblin.
You peck the hobgoblin, but do no damage.
The hobgoblin is moderately wounded.
The hobgoblin hits you but does no damage.
You slash the hobgoblin!
You kill the hobgoblin!
You see here a hobgoblin corpse.
Found a bubbling amethyst potion.
Found a jade ring.
k - a +4 ring of evasion
k - a +4 ring of evasion (left hand)
You see here a +0 leather armour.
You now have 44 gold pieces (gained 11).
A gnoll comes into view. It is wielding a +0 halberd.
The gnoll shouts!
You hear a shout!
A gnoll comes into view. It is wielding a +0 spear.
l - a bubbling amethyst potion The gnoll hits you from afar with a +0 halberd.
The gnoll hits you but does no damage.
The gnoll hits you from afar with a +0 spear.
You hit the gnoll but do no damage. The gnoll hits you with a +0 halberd!
The gnoll closely misses you.
You closely miss the gnoll. Your kick misses the gnoll.
You block the gnoll's attack. The gnoll barely misses you.
The gnoll hits you with a +0 halberd!
* * * LOW HITPOINT WARNING * * *
The gnoll hits you but does no damage. The gnoll attacks as you move away!
The gnoll barely misses you.
The gnoll hits you from afar with a +0 halberd.
You die...

.....## ..... .......## .....
........## ...... .........#
...... #........# #......
.=......... .......
....##.....#####.......
...........g##..........
............g.@.........
................###.......##
..............##### .......
...................##.....
............#....... .#.. ##
............#......###..##.#
...........†...>...#...##..#
............##.....#.......##
..#....................[....#


You could see 2 gnolls.

Vanquished Creatures
  A dart slug (D:1)
  5 bats (D:1)
  4 endoplasms (D:1)
  3 giant cockroaches
  5 hobgoblins
  4 jackals (D:1)
  A quokka (D:1)
  5 ball pythons
  A frilled lizard (D:1)
  A kobold (D:1)
  3 rats (D:1)
33 creatures vanquished.

Notes
Turn   | Place    | Note
-------+----------+-------------------------------------------
     0 | D:1      | adizb the Tengu Fighter began the quest for the Orb.
     0 | D:1      | Reached XP level 1. HP: 14/14 MP: 2/2
   185 | D:1      | Found a faded altar of an unknown god.
   232 | D:1      | Reached XP level 2. HP: 8/19 MP: 3/3
   427 | D:1      | Found Ycsoeth's Assorted Antiques.
   444 | D:1      | Bought a scroll labelled ATHEEH ASEFAWE for 18 gold pieces
   576 | D:1      | Reached XP level 3. HP: 22/23 MP: 4/4
   770 | D:1      | Got the Excursus on the Amorphous Birds
   950 | D:1      | Bought a scroll labelled QAMETOLARI for 18 gold pieces
  1068 | D:2      | HP: 1/23 [gnoll/+0 halberd (9)]
  1069 | D:2      | Slain by a gnoll

Illustrated notes

Levels and vault maps discovered:
D:1:      onia_arrival_mini_maze, layout_loops_ring,
          shapermc_ecumenical_altar_acropolis, serial_shops,
          nicolae_shop_window_shopping
D:2:      layout_rooms, kennysheep_generic_room_11, uniq_crazy_yiuf_cottage

Skill      XL: |  1  2 |
---------------+-------+-----
Long Blades    | 3 |  3.3
Fighting       | |  3.3
Armour         | |  3.2
Shields        | |  3.3

Action                   || total
-------------------------++-------
Melee: Long sword        ||    74
       Kick              ||    17
       Peck              ||     7
  Use: Scroll            ||     6
Armor: Scale mail        ||    31
Dodge: Dodged            ||    33
Block: Buckler           ||    15
